AoeStats
← RIO1000

Four Lakes

509730581Analyzed
1v1 RM · 5d ago on Sep 27, 2026· 40m 55s· 2 players
Game mode
Random Map
Map size
Tiny (2 player)
Population
200
Speed
Normal
Resources
Standard
Victory
Conquest
Starting age
Dark Age
Ending age
Imperial Age
RankedLock teamsTeams togetherTeam positionsShared explorationLock speedFull tech treeHidden civsTurbo modeCheats
Victory
Defeat
🇸🇰 Bohemians · Slovakia
911
+15
🇲🇽 Magyars · Mexico
895
-15
RIO1000
11:29 Feudal Age
11:34 Loom
11:58 Double-Bit Axe
19:26 Castle Age
19:02 Horse Collar
21:19 Wheelbarrow
20:55 Bow Saw
21:11 Heavy Plow
23:09 Hand Cart
23:49 Gold Mining
24:29 Stone Mining
25:40 Scale Barding Armor
26:02 Bloodlines
26:07 Husbandry
28:31 Chain Barding Armor
28:03 Town Watch
28:58 Town Patrol
32:44 Imperial Age
32:57 Cavalier
34:20 Plate Barding Armor
36:26 Two-Man Saw
35:20 Paladin
36:45 Gold Shaft Mining
36:03 Fletching
36:41 Bodkin Arrow
39:06 Conscription
Terárko
8:41 Loom
11:43 Feudal Age
12:51 Double-Bit Axe
15:27 Fishing Lines
16:26 Fletching
16:47 Forging
16:39 Scale Mail Armor
17:32 Wheelbarrow
19:53 Castle Age
20:29 Forging
20:20 Scale Mail Armor
20:25 Scale Barding Armor
20:14 Fletching
20:25 Padded Archer Armor
21:38 Light Cavalry
23:02 Iron Casting
22:39 Gillnets
23:11 Pikeman
24:09 Horse Collar
24:44 Bow Saw
25:00 Crossbowman
26:03 Bodkin Arrow
26:33 Redemption
29:53 Hand Cart
32:48 Imperial Age
31:21 Heavy Plow
32:49 Arbalester
33:59 Halberdier
34:40 Squires
34:55 Bracer
35:11 Chain Mail Armor
35:56 Ballistics
36:43 Chemistry
36:39 Conscription
37:39 Two-Man Saw
40:50 Hussite Reforms
42:23 Blast Furnace
41:54 Plate Mail Armor
41:44 Chain Barding Armor
41:40 Leather Archer Armor
Connection lost

Rejoining the realm…

Still unreachable

The connection could not be restored.

Session expired

The server has moved on; the page needs a fresh start.